 Dungeon Crawl Stone Soup version 0.28-a0-1594-ga885d4b3d6 (webtiles) character file.

Game seed: 11428681836842321599

16167 fragbeetle the Severer (level 12, -5/91 HPs)
             Began as a Hill Orc Monk on Jan 21, 2022.
             Was an Elder of Qazlal.
             Slain by a two-headed hydra (10 damage)
             ... on level 2 of the Lair of Beasts.
             The game lasted 00:47:24 (17148 turns).

fragbeetle the Severer (Hill Orc Monk)             Turns: 17148, Time: 00:47:25

Health: -5/91      AC: 14    Str: 19    XL:     12   Next: 34%
Magic:  19/19      EV: 14    Int: 10    God:    Qazlal [****..]
Gold:   752        SH: 10    Dex: 13    Spells: 4/11 levels left

rFire   x . .      SeeInvis .   H - +2 hand axe (flame)
rCold   + + .      Faith    .   K - +0 buckler
rNeg    . . .      Spirit   .   l - +0 ice dragon scales
rPois   +          Reflect  .   f - +0 helmet
rElec   .          Harm     .   M - scarf {repulsion}
rCorr   .          Rampage  .   (no gloves)
Will    .....                   u - +0 pair of boots
Stlth   ..........              h - amulet of the acrobat
HPRegen 0.25/turn               z - ring of poison resistance
MPRegen 0.16/turn               U - +4 ring of evasion

@: repel missiles
A: no striking features
a: Renounce Religion, Upheaval, Elemental Force


You were on level 2 of the Lair of Beasts.
You worshipped Qazlal.
Qazlal was greatly pleased with you.
You visited 3 branches of the dungeon, and saw 14 of its levels.
You also visited: Sewer and Ossuary.

You collected 822 gold pieces.
You spent 70 gold pieces at shops.

Inventory:

Hand Weapons
 a - the +10 dagger of the Ancients {vorpal, Fly Int+2}
   (You found it on level 5 of the Dungeon)

   It inflicts extra damage upon your enemies.
   Int:       It affects your intelligence (+2).
   Fly:       It grants you flight.
 b - a +0 hand crossbow
 H - a +2 hand axe of flaming (weapon)
Missiles
 k - 17 poisoned darts
 y - 131 bolts
 E - 6 boomerangs (quivered)
 L - a curare-tipped dart
Armour
 f - a +0 helmet (worn)
 l - +0 ice dragon scales (worn)
 u - a +0 pair of boots (worn)
 K - a +0 buckler (worn)
 M - a scarf of repulsion (worn)
 S - a +1 ring mail of poison resistance
Magical Staves
 G - a staff of death
 I - a staff of fire
Jewellery
 h - an amulet of the acrobat (around neck)
 z - a ring of poison resistance (left hand)
 A - a +6 ring of strength
 U - a +4 ring of evasion (right hand)
 Y - a ring of wizardry
Wands
 c - a wand of iceblast (18)
 D - a wand of paralysis (6)
 N - a wand of acid (7)
 P - a wand of flame (12)
 Q - a wand of charming (10)
 V - a wand of digging (4)
Scrolls
 d - a scroll of summoning {unknown}
 e - a scroll of enchant weapon {unknown}
 g - 4 scrolls of magic mapping
 i - 3 scrolls of immolation
 m - 5 scrolls of teleportation
 q - 3 scrolls of blinking
 t - 3 scrolls of fog
 w - a scroll of enchant armour {unknown}
 x - 3 scrolls of fear
 J - a scroll of vulnerability {unknown}
 W - 2 scrolls of amnesia {unknown}
 X - a scroll of holy word {unknown}
Potions
 j - 5 potions of curing
 n - 9 potions of heal wounds
 o - 3 potions of lignification
 s - 4 potions of ambrosia
 v - 3 potions of brilliance {unknown}
 O - 3 potions of flight {unknown}
 R - 2 potions of cancellation {unknown}


   Skills:
 - Level 4.0 Fighting
 + Level 6.3 Short Blades
 + Level 15.4 Axes
 - Level 3.0 Crossbows
 + Level 7.6 Armour
 - Level 3.0 Dodging
 - Level 1.5 Stealth
 - Level 5.0 Shields
 + Level 1.8 Conjurations
 + Level 8.3 Fire Magic
 * Level 10.4 Invocations


You had 4 spell levels left.
You knew the following spells:

 Your Spells              Type           Power      Damage    Failure   Level
a - Conjure Flame         Conj/Fire      10%        6-21      52%         3
b - Flame Wave            Conj/Fire      10%        2d5       89%         4

Your spell library contained the following spells:

 Spells                   Type           Power      Damage    Failure   Level
 Foxfire                  Conj/Fire      40%        2x1d6     21%         1
 Inner Flame              Hex/Fire       8%         N/A       65%         3
 Sting                    Tmut/Pois      0%         1d3       85%         1
 Poisonous Vapours        Pois/Air       0%         N/A       94%         2
 Olgreb's Toxic Radiance  Pois           0%         N/A       100%        4
 Fireball                 Conj/Fire      5%         3d5       99%         5
 Enfeeble                 Hex            0%         N/A       100%        7


Dungeon Overview and Level Annotations

Branches:
Dungeon (11/15)            Temple (1/1) D:6            Lair (2/6) D:10
  Sewer (visited)         Ossuary (visited)
  Swamp: Lair:2-4    Shoals: Lair:2-4     Snake: Lair:2-4    Spider: Lair:2-4
    Orc: D:9-12

Altars:
Ashenzari
Cheibriados
Dithmenos
Elyvilon
Fedhas
Gozag
Hepliaklqana
Kikubaaqudgha
Makhleb
Nemelex Xobeh
Okawaru
Qazlal
Ru
Sif Muna
Trog
Uskayaw
Vehumet
Wu Jian
Xom
Yredelemnul
Zin
The Shining One

Shops:
D:2 *   D:5 [

Annotations:
D:9 1 runed translucent door, sirJeffrey23's ghost, journeyman HuMo
D:10 Gastronok


Message History

The six-headed hydra is lightly wounded.
The six-headed hydra is struck by lightning.
The six-headed hydra barely misses you.
You block the six-headed hydra's attack.
The six-headed hydra bites you.
The six-headed hydra bites you but does no damage.
You block the six-headed hydra's attack.
The six-headed hydra bites you but does no damage.
You slice one of the six-headed hydra's heads off!
The flame cauterises the wound!
You hit the five-headed hydra. You burn the five-headed hydra.
The five-headed hydra is moderately wounded.
Unknown command.
You hack one of the five-headed hydra's heads off!
The flame cauterises the wound!
You hit the four-headed hydra. You burn the four-headed hydra.
The four-headed hydra is heavily wounded.
You block the four-headed hydra's attack. x2
The four-headed hydra bites you but does no damage.
The four-headed hydra bites you!
You chop one of the four-headed hydra's heads off!
The flame cauterises the wound!
You slash the three-headed hydra! You burn the three-headed hydra.
The three-headed hydra is severely wounded.
Unknown command.
You hit the three-headed hydra. You burn the three-headed hydra.
The three-headed hydra is severely wounded.
The three-headed hydra bites you.
* * * LOW HITPOINT WARNING * * *
The three-headed hydra bites you!
* * * LOW HITPOINT WARNING * * *
The three-headed hydra bites you!
* * * LOW HITPOINT WARNING * * *
You slice one of the three-headed hydra's heads off!
The flame cauterises the wound!
You hit the two-headed hydra. You burn the two-headed hydra.
The two-headed hydra is almost dead.
You block the two-headed hydra's attack.
The two-headed hydra bites you!
You die...

#.... . #...
.## #..##[.
#..#.. #.>.#
### ##°.#
#.###§.§##.#
#.#.°D@....#
##....○..#.....
#P...###.# #P.
#..#.# #.#
##.#[# ## #...#
..#.# #.#.#
#...#


You could see a two-headed hydra.

Vanquished Creatures
  Harold (D:10)
  4 two-headed ogres
  Pikel (D:7)
  A manticore (D:10)
  An elephant (D:10)
  A cane toad (Lair:1)
  Joseph (D:7)
  Maggie (D:7)
  2 komodo dragons
  A troll (D:10)
  A wind drake (shapeshifter) (D:10)
  A hornet (D:8)
  A vampire (D:8)
  3 wyverns
  A wraith (D:10)
  3 shadows
  Grum (D:10)
  18 yaks
  2 basilisks
  Edmund (D:6)
  2 acid dragons
  3 water moccasins
  6 orc warriors
  3 ice beasts
  A sky beast (D:6)
  A black bear (D:10)
  2 ogres
  9 wolves
  A centaur (D:9)
  A lemure (D:7)
  4 phantoms
  3 kobold brigands
  A gnoll sergeant (D:5)
  4 bullfrogs
  A wyvern zombie (D:7)
  2 scorpions (D:4)
  A wyvern skeleton (D:6)
  3 water moccasin skeletons
  16 wights
  2 howler monkeys
  4 centaur zombies
  2 human zombies (Ossuary)
  7 orc priests
  2 centaur skeletons (D:7)
  4 hounds
  3 iguanas
  12 orc wizards
  2 hound zombies (Ossuary)
  3 mummies (Ossuary)
  A howler monkey zombie (D:9)
  4 adders
  3 gnolls (D:5)
  A white imp (D:5)
  5 ufetubi
  4 adder zombies (Ossuary)
  An adder skeleton (D:4)
  A worm (D:4)
  4 dart slugs
  52 orcs
  9 ball pythons
  4 bats
  6 endoplasms
  2 giant cockroaches
  3 gnoll zombies (Ossuary)
  11 goblins
  10 hobgoblins
  9 jackals
  27 kobolds
  4 quokkas
  5 frilled lizards
  4 goblin zombies (Ossuary)
  2 hobgoblin zombies (Ossuary)
  3 jackal zombies (Ossuary)
  3 kobold zombies (Ossuary)
  An orc zombie (Ossuary)
  3 quokka zombies (Ossuary)
  9 rats
  4 rat zombies (Ossuary)
346 creatures vanquished.

Vanquished Creatures (others)
  A human (D:5)
  2 fungi
  16 plants
19 creatures vanquished.

Grand Total: 365 creatures vanquished

Notes
Turn   | Place    | Note
-------+----------+-------------------------------------------
     0 | D:1      | fragbeetle the Hill Orc Monk began the quest for the Orb.
     0 | D:1      | Reached XP level 1. HP: 19/19 MP: 1/1
   516 | D:1      | Reached XP level 2. HP: 21/27 MP: 2/2
   727 | D:1      | Found a faded altar of an unknown god.
  1212 | D:2      | Reached skill level 5 in Axes
  1212 | D:2      | Reached XP level 3. HP: 33/33 MP: 3/3
  1374 | D:2      | Found Vailuz's General Store.
  1385 | D:2      | Bought a potion of heal wounds for 70 gold pieces
  1801 | D:3      | Found a shadowy altar of Dithmenos.
  1959 | D:3      | Reached XP level 4. HP: 40/40 MP: 4/4
  2569 | D:4      | Noticed a scorpion
  2587 | D:3      | Reached skill level 6 in Axes
  2658 | D:4      | Reached XP level 5. HP: 44/46 MP: 5/5
  2696 | D:4      | Reached skill level 7 in Axes
  2724 | D:4      | Found a sand-covered staircase.
  2765 | D:4      | Noticed an ogre
  2778 | Ossuary  | Entered an ossuary
  3047 | Ossuary  | Reached XP level 6. HP: 51/52 MP: 6/6
  3053 | Ossuary  | Reached skill level 8 in Axes
  3208 | Ossuary  | Reached skill level 9 in Axes
  3642 | D:4      | Reached XP level 7. HP: 59/59 MP: 7/7
  3658 | D:4      | Reached skill level 10 in Axes
  4296 | D:4      | Reached skill level 11 in Axes
  4312 | D:4      | Found a blossoming altar of Fedhas.
  4872 | D:4      | HP: 2/59 [poisoned by an orc]
  5203 | D:5      | Entered Level 5 of the Dungeon
  5210 | D:5      | Found Januisuf's Antique Armour Shop.
  5241 | D:5      | Reached XP level 8. HP: 61/66 MP: 8/8
  5280 | D:5      | Found a glowing golden altar of the Shining One.
  5292 | D:5      | Reached skill level 12 in Axes
  5443 | D:5      | Found a glowing drain.
  5550 | Sewer    | Entered a sewer
  5612 | Sewer    | Reached skill level 1 in Armour
  5729 | D:5      | Found an ancient bone altar of Kikubaaqudgha.
  5741 | D:5      | Got the Disquisition on Flames and Hexes
  6009 | D:5      | Reached skill level 13 in Axes
  6224 | D:5      | Reached skill level 1 in Crossbows
  6617 | D:5      | Identified the +10 dagger of the Ancients {vorpal, Fly
                  | Int+2}
  6823 | D:6      | Reached XP level 9. HP: 69/71 MP: 9/9
  6878 | D:6      | Reached skill level 1 in Shields
  7050 | D:6      | Reached skill level 1 in Short Blades
  7363 | D:6      | Noticed Edmund
  7378 | D:6      | Killed Edmund
  7635 | D:6      | Learned a level 3 spell: Conjure Flame
  7669 | D:6      | Found a staircase to the Ecumenical Temple.
  7695 | Temple   | Entered the Ecumenical Temple
  8176 | Temple   | Became a worshipper of Qazlal Stormbringer
  8176 | Temple   | Reached * piety under Qazlal
  8176 | Temple   | Reached ** piety under Qazlal
  8286 | D:7      | Reached skill level 1 in Invocations
  8315 | D:7      | Reached skill level 1 in Fire Magic
  8685 | D:7      | Noticed Maggie
  8710 | D:7      | Killed Maggie
  8840 | D:7      | Noticed Pikel
  8851 | D:7      | Killed Pikel
  8852 | D:7      | Reached skill level 14 in Axes
  8852 | D:7      | Reached skill level 5 in Armour
  8852 | D:7      | Reached XP level 10. HP: 78/78 MP: 12/12
  9104 | D:7      | Noticed Joseph
  9126 | D:7      | Killed Joseph
  9346 | D:8      | Reached skill level 5 in Shields
  9378 | D:7      | Reached skill level 5 in Invocations
  9791 | D:8      | Reached *** piety under Qazlal
  9837 | D:8      | Found a hazy altar of Hepliaklqana.
  9844 | D:8      | Found an opulent altar of Gozag.
  9846 | D:8      | Found a bloodstained altar of Trog.
  9846 | D:8      | Found a radiant altar of Vehumet.
  9848 | D:8      | Found a hide-covered altar of Uskayaw.
  9849 | D:8      | Found a sparkling altar of Nemelex Xobeh.
  9973 | D:8      | Found a basalt altar of Yredelemnul.
  9981 | D:8      | Learned a level 4 spell: Flame Wave
 10132 | D:8      | Reached skill level 5 in Fire Magic
 10284 | D:8      | Identified the +3 hunting sling of the Smoking Salmon
                  | {flame, Dex+5}
 10380 | D:8      | Found a sacrificial altar of Ru.
 10453 | D:9      | Reached XP level 11. HP: 54/84 MP: 14/16
 10888 | D:9      | Found a runed translucent door.
 10890 | D:9      | Identified the +12 trident of Grandeur {elec, rElec rN+++
                  | Str-2 Stlth+}
 10890 | D:9      | Noticed sirJeffrey23's ghost (journeyman HuMo)
 10922 | D:9      | Noticed a two-headed ogre
 10931 | D:9      | Killed a two-headed ogre
 11823 | D:9      | Found a broken altar of Ashenzari.
 11861 | D:10     | Entered Level 10 of the Dungeon
 11886 | D:10     | Noticed Harold
 11902 | D:10     | Killed Harold
 11903 | D:10     | Reached skill level 5 in Short Blades
 11986 | D:10     | Found a staircase to the Lair.
 12197 | D:10     | Noticed Grum
 12213 | D:10     | Killed Grum
 12213 | D:10     | Reached **** piety under Qazlal
 12486 | D:10     | Noticed a manticore
 12494 | D:10     | Killed a manticore
 12833 | D:10     | Noticed Gastronok
 12917 | Lair:1   | Entered Level 1 of the Lair of Beasts
 13140 | Lair:1   | Reached skill level 15 in Axes
 14533 | D:10     | Reached XP level 12. HP: 63/91 MP: 19/19
 15533 | D:11     | Noticed a two-headed ogre
 15543 | D:11     | Killed a two-headed ogre
 16027 | D:11     | Noticed a two-headed ogre
 16089 | D:10     | Killed a two-headed ogre
 16090 | D:10     | Reached skill level 1 in Conjurations
 16090 | D:10     | Reached skill level 10 in Invocations
 16573 | D:11     | Found a shimmering blue altar of Sif Muna.
 16828 | D:11     | Noticed a two-headed ogre
 16844 | D:11     | Killed a two-headed ogre
 17123 | Lair:2   | Noticed a six-headed hydra
 17148 | Lair:2   | Slain by a two-headed hydra

Illustrated notes

Levels and vault maps discovered:
D:1:      dpeg_arrival_castle, layout_loops_ring,
          hellmonk_ecumenical_altar_blasted, roderic_st_hans_cross,
          nrook_campfire, minmay_ruptured
D:2:      layout_rooms, serial_shops, nicolae_shop_waterfront
D:3:      layout_loops_ring, general_overflow_altar
D:4:      layout_rooms, mainiacjoe_overflow_concentric_impassable,
          nicolae_ossuary_entry_false_entrances
D:5:      corexii_shantytown, layout_rooms, mainiacjoe_overflow_alcove_2,
          tgw_kikubaaqudgha, serial_shops, nicolae_shop_hallway_plus,
          portal_sewer_entry_b, serial_bayou_pond_d, kennysheep_diamond,
          corner_web_ring
D:6:      layout_gridville, minmay_temple_entry_junction, feat_on_display,
          uniq_edmund
D:7:      layout_rooms, uniq_maggie, uniq_joseph, uniq_pikel
D:8:      layout_rooms, lemuel_tele_altar, minitemple,
          overflow_temple_1_default, chequers_decorated_corner
D:9:      layout_roguey, kennysheep_mini, ebering_ghost_funeral_grove,
          kennysheep_pointless_box
D:10:     layout_irregular_city, david_lair_generic, uniq_gastronok,
          uniq_harold, uniq_grum
D:11:     layout_layer_cave, kennysheep_orc_sif_temple
Temple:   jpeg_temple_island
Lair:1:   layout_roguey, beast_lair_carwin_7
Lair:2:   layout_loops_ring, minmay_swamp_entry_swarm,
          minmay_snake_entry_six_corridors

Skill      XL: |  1  2  3  4  5  6  7  8  9 10 11 12 |
---------------+-------------------------------------+-----
Fighting       | 4 |  4.0
Axes           | 5 6 7 9 11 13 14 15 | 15.4
Dodging        | 3 |  3.0
Armour         | 3 5 6 7 |  7.6
Crossbows      | 1 3 |  3.0
Shields        | 4 5 |  5.0
Short Blades   | 3 4 5 6 |  6.3
Invocations    | 3 6 9 10 | 10.4
Fire Magic     | 3 5 7 8 |  8.3
Conjurations   | 1 |  1.8
Stealth        | |  1.5

Action                   |  1- 3 |  4- 6 |  7- 9 | 10-12 || total
-------------------------+-------+-------+-------+-------++-------
Melee: Hand axe          |   126 |   298 |    87 |    18 ||   529
       Punch             |     3 |     7 |     4 |       ||    14
       Flail             |       |       |   184 |       ||   184
       Dagger            |       |       |   157 |   617 ||   774
 Fire: Hand crossbow     |       |       |    33 |       ||    33
Throw: Dart              |     1 |       |     7 |    22 ||    30
       Boomerang         |       |       |       |     5 ||     5
       Throwing net      |       |       |       |     1 ||     1
Invok: Upheaval          |       |       |       |     2 ||     2
       Elemental Force   |       |       |       |     1 ||     1
Evoke: Wand              |       |       |     2 |     2 ||     4
  Use: Potion            |       |     2 |       |       ||     2
       Scroll            |       |     4 |     1 |     7 ||    12
 Stab: Sleeping          |     1 |       |       |       ||     1
       Paralysed         |       |       |       |     1 ||     1
       Held in net/web   |       |       |       |     1 ||     1
Armor: Robe              |    10 |       |       |       ||    10
       Ring mail         |    19 |       |       |       ||    19
       Ice dragon scales |    31 |   143 |   157 |   110 ||   441
       Skin              |       |    20 |     4 |       ||    24
Dodge: Dodged            |    74 |   124 |   155 |   219 ||   572
Block: Buckler           |       |       |    38 |   214 ||   252

Table legend: (Time is in decaauts)
 A = Elapsed time spent in this place.
 B = Non-inter-level travel time spent in this place.
 C = Inter-level travel time spent in this place.
 D = Time resting spent in this place.
 E = Time spent auto-exploring this place.
 F = Levels seen in this place.
 G = Mean time per level.
                   A        B        C        D        E       F      G
               +--------+--------+--------+--------+--------+-----+--------+
         Total |  17014 |  16397 |    617 |   4887 |   6962 |  16 | 1063.4 |
       Dungeon |  14405 |  13874 |    531 |   4194 |   5963 |  11 | 1309.5 |
        Temple |    497 |    473 |     24 |      0 |    428 |   1 |  497.0 |
          Lair |   1170 |   1109 |     61 |    255 |    540 |   2 |  585.0 |
         Sewer |    124 |    124 |      0 |      0 |     30 |   1 |  124.0 |
       Ossuary |    816 |    816 |      0 |    438 |      0 |   1 |  816.0 |
               +--------+--------+--------+--------+--------+-----+--------+

Top non-repeatable levels by time:
     D:9: 2356 daAuts
     D:4: 1727 daAuts
    D:10: 1627 daAuts
     D:5: 1509 daAuts
    D:11: 1493 daAuts
     D:1: 1213 daAuts
     D:7: 1175 daAuts
  Lair:1: 1138 daAuts
     D:6: 967 daAuts
     D:8: 921 daAuts
     D:3: 911 daAuts
 Ossuary: 816 daAuts
     D:2: 502 daAuts
  Temple: 497 daAuts
   Sewer: 124 daAuts
